 Dungeon Crawl Stone Soup version 0.31-a0-859-g9dce7d3444 (webtiles) character file.

Game seed: 11050777123035805076

52 Shayle the Ruffian (level 4, -2/33 HPs)
             Began as a Human Shapeshifter on Oct 9, 2023.
             Slain by a jackal (3 damage)
             ... on level 2 of the Dungeon.
             The game lasted 00:02:16 (1253 turns).

Shayle the Ruffian (Human Shapeshifter)             Turns: 1253, Time: 00:02:16

Health: -2/33      AC:  2    Str: 15    XL:     4   Next: 8%
Magic:  4/4        EV: 12    Int: 10    God:
Gold:   22         SH:  0    Dex: 14    Spells: 3/3 levels left

rFire   . . .        h - +0 long sword (heavy)
rCold   . . .        (no shield)
rNeg    . . .        a - +0 animal skin
rPois   .            (helmet currently unavailable)
rElec   .            (cloak currently unavailable)
rCorr   .            (gloves currently unavailable)
SInv    .            (boots currently unavailable)
Will    .....        (no amulet)
Stlth   +            (no ring)
HPRegen 0.25/turn    (no ring)
MPRegen 0.09/turn

%: no passive effects
@: beast-form, hasted, very quick
A: beast (slay +2)
a: Begin Untransformation


You were on level 2 of the Dungeon.
You were a hulking beast.
You visited 1 branch of the dungeon, and saw 2 of its levels.

You collected 22 gold pieces.

Inventory:

Hand Weapons
 h - a +0 heavy long sword (weapon)
Armour
 a - a +0 animal skin (worn)
Talismans
 c - a beast talisman (active)
 d - a flux talisman
Scrolls
 e - a scroll of poison {unknown}
 f - a scroll of enchant armour {unknown}
 i - 3 scrolls of identify {unknown}
Potions
 g - a potion of haste


   Skills:
 + Level 2.2 Fighting
 - Level 2.0 Dodging
 + Level 3.6 Unarmed Combat
 + Level 3.5 Shapeshifting


You had 3 spell levels left.
You didn't know any spells.
Your spell library contained the following spells:

 Spells                   Type           Power      Damage    Failure   Level
 Kiss of Death            Conj/Necr      0%         2d5       36%         1
 Confusing Touch          Hex            0%         N/A       75%         3
 Dispel Undead            Necr           0%         3d6       98%         4


Dungeon Overview and Level Annotations

Branches:
Dungeon (2/15)

Altars:


Message History

The jackal bites you but does no damage.
The endoplasm hits you but does no damage.
The jackal bites you but does no damage. x2
The endoplasm hits you but does no damage.
The jackal bites you but does no damage.
You slash the endoplasm!
You kill the endoplasm!
You feel less wooden.
Your +0 animal skin unmelds from your body.
You turn into a hulking beast.
The jackal bites you but does no damage.
The jackal bites you. The jackal misses you. The jackal barely misses you.
You closely miss the jackal. The jackal barely misses you.
The jackal closely misses you. The jackal bites you.
* * * LOW HITPOINT WARNING * * *
The jackal barely misses you.
Unknown command.
You hit the jackal.
The jackal is severely wounded.
The jackal bites you but does no damage.
The jackal barely misses you. The jackal bites you.
* * * LOW HITPOINT WARNING * * *
The jackal completely misses you.
Unknown command.
You closely miss the jackal.
The jackal is severely wounded.
The jackal misses you. The jackal barely misses you. The jackal bites you.
* * * LOW HITPOINT WARNING * * *
The jackal misses you. The jackal bites you.
* * * LOW HITPOINT WARNING * * *
Unknown command.
Okay, then.
Okay, then.
Okay, then.
You barely miss the jackal.
The jackal is severely wounded.
The jackal bites you.
* * * LOW HITPOINT WARNING * * *
The jackal closely misses you. The jackal bites you.
You die...

##...# ##.....# #.
......##....#.# #.
............#.#
#.. #####.....## #
#... #..####
##...# ##..#####
......###.........
##.....#.!........
#.....)†h...#.####
#..####.hh.#..#
#$.....## #...####
.$..# .....#
...#.# #.....#


You could see 2 jackals.

Vanquished Creatures
  An adder (D:2)
  3 dart slugs (D:1)
  5 ball pythons
  3 bats
  4 endoplasms
  A goblin (D:2)
  6 hobgoblins
  4 jackals
  4 kobolds
  2 frilled lizards (D:1)
33 creatures vanquished.

Notes
Turn   | Place    | Note
-------+----------+-------------------------------------------
     0 | D:1      | Shayle the Human Shapeshifter began the quest for the Orb.
     0 | D:1      | Reached XP level 1. HP: 15/15 MP: 1/1
    89 | D:1      | Reached XP level 2. HP: 20/21 MP: 2/2
   491 | D:1      | Reached XP level 3. HP: 25/27 MP: 3/3
  1247 | D:2      | Reached XP level 4. HP: 15/33 MP: 4/4
  1253 | D:2      | HP: 1/33 [jackal (1)]
  1253 | D:2      | Slain by a jackal

Illustrated notes

Levels and vault maps discovered:
D:1:      sevenhm_arrival_forest_fort_large_3, layout_loops_ring,
          chequers_serial_rivers_large_a
D:2:      layout_loops_ring, minmay_misc_feat_tower, hangedman_decor_growths

Skill      XL: |  1  2  3 |
---------------+----------+-----
Fighting       | 2 |  2.2
Dodging        | |  2.0
Unarmed Combat | |  3.6
Shapeshifting  | |  3.5

Action                     |  1- 3 |  4- 6 || total
---------------------------+-------+-------++-------
  Melee: Unarmed           |    62 |       ||    62
         Long sword        |    25 |     7 ||    32
         Punch             |     1 |       ||     1
    Use: Potion            |     3 |       ||     3
 Armour: Animal skin       |    51 |     9 ||    60
         Skin              |    76 |    10 ||    86
  Dodge: Dodged            |    66 |    12 ||    78

Table legend: (Time is in decaauts)
 A = Elapsed time spent in this place.
 B = Non-inter-level travel time spent in this place.
 C = Inter-level travel time spent in this place.
 D = Time resting spent in this place.
 E = Time spent auto-exploring this place.
 F = Levels seen in this place.
 G = Mean time per level.
                   A        B        C        D        E       F      G
               +--------+--------+--------+--------+--------+-----+--------+
         Total |   1289 |   1283 |      6 |      0 |    981 |   2 |  644.5 |
       Dungeon |   1289 |   1283 |      6 |      0 |    981 |   2 |  644.5 |
               +--------+--------+--------+--------+--------+-----+--------+

Top non-repeatable levels by time:
     D:1: 1073 daAuts
     D:2: 215 daAuts
